Map: Scorie nucleari

Players

Monzi - Winner!

  • Race: Terran Terran
  • Spawn Location: 9:00

neonemo - Winner!

  • Race: Terran Terran
  • Spawn Location: 12:00

Number - Winner!

  • Race: Terran Terran
  • Spawn Location: 11:00

ReDMaN - Winner!

  • Race: Terran Terran
  • Spawn Location: 12:00

Jhyrachy

  • Race: Zerg Zerg
  • League: Silver
  • Spawn Location: 6:00

enlar

  • Race: Zerg Zerg
  • Spawn Location: 6:00

Quercus

  • Race: Protoss Protoss
  • Spawn Location: 5:00

Magicus

  • Race: Protoss Protoss
  • Spawn Location: 3:00

VOD

Have the link to the VOD?

Description

Time

  • Played on: Dec. 26, 2015, 9:41 a.m.
  • Length: 23:10
Show
View Real Time Build Order
Export as new Build Order

Monzi Terran - Winner!

Build Orders: MMM Bio 

Get SALT Encoding   

  12  0:02  SCV  
  13  0:21  Supply Depot  
  13  0:27  SCV  
  14  0:39  SCV  
  15  0:47  Barracks  
  15  1:00  SCV  
  16  1:15  Command Center  
  16  1:23  SCV  
  17  1:41  Marine  
  17  1:43  Orbital Command  
  18  1:58  Barracks  
  18  2:09  Marine  
  18  2:10  SCV  
  20  2:22  SCV  
  21  2:27  Marine, Engineering Bay  
  22  2:34  SCV  
  22  2:35  Orbital Command  
  23  2:45  Marine  
  23  2:47  SCV  
  25  2:59  Refinery  
  25  3:00  SCV  
  25  3:02  SCV  
  25  3:03  Marine x2  
  29  3:11  Refinery  
  29  3:12  SCV  
  30  3:14  SCV  
  30  3:16  Missile Turret  
  31  3:20  Marine  
  31  3:24  SCV  
  31  3:26  SCV, Barracks  
  34  3:36  SCV  
  34  3:40  SCV  
  36  3:43  Marine x2  
  38  3:51  Barracks  
  38  3:58  Barracks  
  38  3:59  Engineering Bay  
  38  4:08  Supply Depot  
  38  4:10  Refinery, Supply Depot  
  38  4:26  Barracks Tech Lab  
  38  4:28  Terran Infantry Weapons Level 1, Terran Infantry Armor Level 1  
  38  4:29  Marine, SCV x2  
  41  4:35  Refinery  
  41  4:39  Marine  
  41  4:40  Factory  
  41  4:41  SCV  
  43  4:46  Barracks Reactor, Barracks Tech Lab  
  43  4:48  Command Center  
  43  4:51  Marine  
  44  4:55  Marine  
  44  4:57  Marine, SCV  
  47  5:05  Marine  
  48  5:12  Combat Shields, Stimpack  
  49  5:17  Barracks Reactor  
  48  5:29  Barracks Reactor  
  48  5:30  Supply Depot  
  48  5:32  Supply Depot x2  
  48  5:34  Factory Reactor  
  48  5:35  Armory  
  48  5:38  SCV x2  
  50  5:50  SCV  
  50  5:52  SCV  
  52  6:03  SCV  
  43  6:05  Marine x2  
  43  6:06  Marauder x2  
  47  6:13  Marine x3  
  50  6:23  Marine x2  
  50  6:24  Widow Mine  
  54  6:27  Marauder x2  
  54  6:31  Concussive Shells  
  58  6:32  Starport  
  58  6:34  Planetary Fortress  
  58  6:42  Widow Mine  
  58  6:46  Terran Infantry Weapons Level 2  
  60  6:49  Marauder x2, Terran Vehicle And Ship Armor Level 1  
  60  6:50  Marine x2  
  60  6:51  Marine x4  
  60  6:52  Widow Mine  
  72  6:59  SCV x2  
  74  7:08  Marine x3  
  74  7:11  SCV x2  
  74  7:13  Marine x2  
  74  7:14  Marauder x2  
  74  7:15  SCV  
  86  7:23  SCV  
  86  7:24  Missile Turret  
  86  7:27  Building Armor  
  87  7:31  SCV x2  
  87  7:32  Marine x3  
  87  7:35  SCV  
  93  7:47  SCV  
  93  7:48  Medivac  
  92  8:30  Missile Turret  
  92  8:39  Refinery  
  92  8:42  Missile Turret  
  92  8:44  Missile Turret x2  
  92  9:02  Hi-Sec Auto Tracking  
  92  9:07  Terran Infantry Armor Level 2, Starport Reactor  
  92  9:15  Command Center  
  92  9:16  Missile Turret  
  92  9:18  Supply Depot  
  92  9:20  Supply Depot  
  92  9:23  Supply Depot  
  92  9:24  Supply Depot  
  92  9:32  Command Center  
  89  10:17  Marauder  
  89  10:18  Marine  
  89  10:19  SCV  
  89  10:21  Marine  
  86  10:22  SCV  
  86  10:23  Marine  
  86  10:24  Marine  
  86  10:26  Widow Mine x2  
  86  10:27  Marauder  
  91  10:31  SCV  
  92  10:36  Marine  
  92  10:39  Marauder, Marine  
  92  10:41  Marine  
  92  10:42  Marine  
  95  10:49  Marauder  
  94  10:54  Marine  
  94  10:56  Marine  
  93  10:58  Marine  
  93  10:59  Marine  
  93  11:00  Marauder  
  93  11:01  Missile Turret  
  98  11:10  Marauder  
  100  11:15  Marine x2  
  89  11:21  Marauder  
  89  11:22  Marine x2  
  91  11:28  Barracks  
  91  11:29  Barracks  
  91  11:30  Medivac x2  
  91  11:31  Widow Mine x2, Marauder  
  101  11:33  Marine  
  101  11:34  Marine  
  97  11:42  Missile Turret  
  97  11:43  Marauder  
  94  11:51  Terran Infantry Armor Level 3  
  94  11:52  Terran Infantry Weapons Level 3  
  94  11:53  Orbital Command, Marauder  
  94  11:59  Widow Mine  
  94  12:00  Missile Turret  
  96  12:02  Marine x2  
  96  12:03  Marine  
  96  12:04  Marauder  
  101  12:10  Refinery  
  101  12:22  Command Center  
  101  12:28  Barracks Reactor  
  101  12:29  Barracks Tech Lab  
  101  13:13  Marine x4  
  101  13:14  Marauder x2  
  101  13:18  Supply Depot  
  101  13:19  Supply Depot  
  109  13:21  Supply Depot  
  109  13:24  Marine  
  110  13:35  Marauder x2, Marine  
  115  13:55  Medivac  
  117  14:05  Marine  
  118  14:16  Missile Turret  
  118  14:34  Missile Turret  
  118  14:36  Missile Turret  
  118  14:43  Planetary Fortress  
  118  14:50  Marine  
  72  15:17  Marine  
  72  15:18  Marauder  
  64  15:41  Marauder x2, Marine x4  
  64  15:42  Marauder, Marine  
  74  15:47  Refinery  
  70  16:03  Marauder  
  64  16:11  Marine x2  
  64  16:12  Marine x3  
  69  16:25  Marauder  
  69  16:29  Marine x3  
  69  16:30  Marine  
  53  17:17  Barracks  
  53  17:19  Factory, Barracks  
  42  17:59  Factory  
  42  18:17  Barracks Reactor  
  42  18:18  Barracks Tech Lab  
  42  18:19  Factory Reactor  
  42  18:22  Starport  
  42  18:45  Factory Reactor  
  42  18:50  Refinery  
  42  18:59  Starport  
  42  19:05  Supply Depot  
  42  19:07  Supply Depot  
  42  19:09  Supply Depot  
  42  19:11  Supply Depot  
  42  19:22  Barracks Reactor  
  42  19:28  Starport Reactor  
  42  19:32  Widow Mine x2, Marine  
  47  19:40  Armory  
  47  19:43  Engineering Bay  
  47  19:44  Starport Reactor  
  47  20:04  Supply Depot  
  47  20:09  Supply Depot  
  47  20:25  Widow Mine x4  
  55  20:30  Marine x3  
  55  20:32  Marine x2  
  55  20:35  Medivac  
  62  20:41  SCV  
  63  20:53  Supply Depot  
  63  20:55  Supply Depot  
  63  20:56  Supply Depot  
  63  20:57  Liberator  
  63  20:59  Liberator  
  63  21:02  Terran Vehicle Weapons Level 1  
  63  21:09  Supply Depot  
  63  21:11  Supply Depot  
  63  21:14  Widow Mine, Marine x3  
  63  21:16  Marauder, Marine  
  77  21:32  Marine  
  78  21:36  Liberator  
  78  21:38  Marauder  
  80  21:42  Marine, Liberator  
  80  21:46  Marine x2  
  83  21:50  Marine  
  83  21:51  Widow Mine x2  
  83  21:53  Medivac  
  93  21:57  Medivac  
  93  21:59  Marauder  
  93  22:00  Marine  
  101  22:09  Marine  
  101  22:14  Marine  
  103  22:37  Supply Depot  
Show
View Real Time Build Order
Export as new Build Order

neonemo Terran - Winner!

Build Orders:  

Get SALT Encoding   

  12  0:02  SCV  
  14  0:14  SCV  
  14  0:24  Supply Depot  
  14  0:27  SCV  
  15  0:40  Refinery  
  15  0:46  SCV  
  16  0:51  Barracks  
  16  0:58  SCV  
  17  1:10  SCV  
  18  1:28  Barracks  
  18  1:41  Marine  
  19  1:59  Marine  
  19  2:00  Orbital Command  
  20  2:05  Barracks  
  20  2:12  Supply Depot  
  20  2:22  Barracks  
  20  2:46  SCV  
  20  2:50  Marine  
  22  2:52  Marine  
  23  2:58  Command Center  
  23  2:59  SCV  
  24  3:10  Marine  
  25  3:17  Refinery, SCV  
  25  3:18  Engineering Bay  
  26  3:20  Marine  
  26  3:25  Marine x2  
  29  3:28  Marine  
  30  3:35  Supply Depot  
  30  3:48  Missile Turret  
  30  3:50  SCV  
  31  3:59  Barracks Tech Lab  
  31  4:01  Factory  
  31  4:02  SCV  
  32  4:09  Supply Depot  
  32  4:15  Missile Turret  
  32  4:19  Barracks Reactor  
  32  4:20  Terran Infantry Weapons Level 1  
  32  4:22  SCV  
  33  4:30  Refinery  
  33  4:31  Orbital Command  
  33  4:40  Marine x2  
  35  4:51  Widow Mine  
  37  4:52  Starport  
  37  5:04  SCV  
  38  5:11  SCV  
  39  5:16  SCV  
  39  5:17  Marine x2  
  39  5:20  Widow Mine  
  39  5:21  Stimpack  
  44  5:23  SCV  
  45  5:28  SCV  
  45  5:29  Supply Depot  
  46  5:40  SCV  
  47  5:47  Medivac  
  49  5:53  Widow Mine  
  51  5:57  Marine x2  
  51  5:58  Marine  
  54  6:15  Marine x2  
  56  6:21  Starport  
  56  6:22  Widow Mine  
  58  6:44  Marine x3  
  61  7:12  Barracks Reactor  
  61  7:13  Marine x2  
  61  7:15  Marauder  
  65  7:16  Widow Mine, Terran Infantry Armor Level 1  
  67  7:33  SCV  
  67  7:36  Marauder  
  70  7:39  Refinery  
  70  7:45  Starport Tech Lab  
  70  7:49  Command Center  
  70  7:51  Supply Depot  
  70  8:12  Widow Mine, SCV  
  73  8:26  Marine x3, Starport Reactor  
  76  8:40  Widow Mine  
  78  8:47  Supply Depot  
  78  8:52  Marine x3  
  78  8:55  High Capacity Fuel Tanks  
  81  9:07  Banshee  
  81  9:08  Viking  
  81  9:09  Widow Mine, Viking  
  90  9:11  Marine  
  90  9:12  Marine x2  
  93  9:17  Supply Depot  
  93  9:29  Marine x2  
  93  9:30  Marine  
  96  9:38  Viking  
  96  9:39  Supply Depot, Viking  
  73  10:02  Supply Depot  
  73  10:08  Widow Mine, Viking  
  73  10:11  Viking x2  
  73  10:13  Marine x3  
  84  10:30  Marine  
  84  10:31  Marine x2  
  87  10:36  Widow Mine  
  87  10:38  Medivac  
  87  10:41  Viking, Medivac  
  87  10:42  Marine x2  
  97  10:48  Marine x2  
  97  10:49  Marine  
  100  11:00  Marine x2  
  102  11:06  Marine x3  
  105  11:14  Liberator, Supply Depot  
  105  11:18  Marine  
  107  11:21  Barracks Reactor  
  107  11:24  Marine x3  
  109  11:27  Cloaking Field  
  109  11:30  Banshee  
  109  11:32  Viking  
  117  11:35  Marine  
  117  11:37  Supply Depot  
  118  11:42  Marine x3  
  121  11:53  Marine  
  122  12:00  Marine x3  
  125  12:11  Marine  
  125  12:14  Medivac  
  128  12:17  Marine  
  129  12:29  Marine  
  130  12:31  Planetary Fortress  
  130  12:37  Refinery  
  119  13:33  Hi-Sec Auto Tracking  
  119  13:34  Armory  
  119  13:37  Supply Depot  
  119  13:46  SCV  
  120  13:56  Marine x3  
  120  13:58  Armory  
  120  13:59  SCV  
  120  14:01  Supply Depot, Barracks  
  120  14:02  Combat Shields  
  124  14:04  Medivac  
  124  14:07  Viking x2  
  130  14:14  Marine x3  
  133  14:31  Marine  
  133  14:34  Banshee  
  137  14:50  Refinery  
  134  15:14  Supply Depot  
  134  15:15  Barracks Reactor  
  134  15:22  Hellion  
  134  15:23  Command Center  
  134  15:24  Viking x2, Medivac  
  141  15:43  Hellion  
  142  15:54  Marine x5, Viking  
  149  15:58  Terran Vehicle Weapons Level 1  
  149  16:05  Supply Depot  
  149  16:11  SCV  
  150  16:23  SCV  
  144  17:12  Marine  
  144  17:13  Marine x4  
  149  17:27  Missile Turret  
  148  17:30  Banshee  
  135  18:09  Supply Depot  
  133  18:19  Barracks  
  133  19:15  Barracks Reactor, Factory  
  132  19:27  Barracks  
  120  20:04  Supply Depot  
  120  20:08  Starport  
  120  20:27  Supply Depot  
  120  20:50  Supply Depot  
  120  21:16  Starport Reactor  
  120  21:19  Supply Depot  
  120  21:29  Supply Depot  
  120  21:35  Orbital Command  
  120  21:36  Supply Depot  
  120  21:53  Supply Depot  
  117  21:59  Supply Depot  
  112  22:20  Widow Mine, Marine x3, SCV  
  72  22:32  SCV  
  73  22:38  Marine x3  
  76  22:44  SCV  
  76  22:47  Supply Depot  
  79  22:53  Command Center  
  79  22:56  SCV  
  79  22:57  SCV  
Show
View Real Time Build Order
Export as new Build Order

Number Terran - Winner!

Build Orders:  

Get SALT Encoding   

  12  0:03  SCV  
  13  0:15  SCV  
  13  0:19  Supply Depot  
  14  0:27  SCV  
  15  0:40  SCV  
  15  0:42  Barracks  
  16  0:48  Refinery  
  16  0:52  Refinery  
  16  0:54  SCV  
  17  1:23  SCV  
  18  1:40  Orbital Command  
  18  1:44  Marine  
  19  1:59  Factory  
  19  2:02  Marine  
  19  2:07  SCV  
  21  2:15  Supply Depot  
  21  2:19  SCV  
  21  2:20  Marine  
  23  2:36  SCV  
  24  2:38  Supply Depot  
  24  2:43  Factory Reactor  
  24  2:45  Marine  
  24  2:46  Starport  
  24  2:48  SCV  
  26  3:00  SCV  
  26  3:04  Marine  
  28  3:16  SCV  
  28  3:19  Widow Mine x2  
  29  3:25  Supply Depot, Medivac  
  35  3:28  Marine  
  36  3:42  SCV  
  36  3:46  Marine  
  36  3:48  Widow Mine x2  
  42  4:01  Starport Tech Lab  
  42  4:03  SCV  
  42  4:05  Starport Reactor  
  42  4:07  Marine  
  44  4:34  Marine  
  45  4:42  Command Center  
  45  4:44  Widow Mine  
  47  4:56  Supply Depot  
  47  4:58  Supply Depot x2  
  47  5:01  Liberator  
  47  5:02  Liberator  
  47  5:17  Widow Mine  
  47  5:18  Marine  
  48  6:12  Orbital Command, Liberator x2  
  52  6:48  Factory  
  52  6:49  Widow Mine x2  
  52  6:52  Marine  
  52  6:54  Factory  
  57  6:55  Factory  
  57  7:18  Orbital Command  
  57  7:33  Factory Tech Lab  
  57  7:36  Hellion x2  
  61  7:39  Factory Reactor, Factory Tech Lab  
  61  7:45  Armory  
  59  8:28  Liberator  
  47  8:38  Siege Tank x2  
  47  8:39  Hellbat x3  
  47  8:40  Hellbat  
  61  8:43  Infernal Pre-Igniter  
  64  9:00  SCV x2  
  66  9:12  SCV  
  66  9:13  Refinery  
  66  9:16  Refinery  
  58  9:32  Liberator  
  58  9:40  Siege Tank x2  
  58  9:41  Hellbat x3  
  58  9:42  Hellbat  
  75  10:06  SCV x2  
  77  10:17  Siege Tank  
  77  10:18  Siege Tank, SCV  
  84  10:37  Command Center  
  76  11:49  Siege Tank, Hellbat x2, SCV, Viking  
  86  12:02  SCV  
  86  12:05  Siege Tank  
  83  12:12  Viking  
  84  12:19  Viking  
  86  12:23  Orbital Command  
  84  12:51  Supply Depot  
  84  12:52  Supply Depot  
  84  13:03  Viking  
  86  13:12  Thor  
  86  13:13  Viking  
  86  13:14  Thor  
  100  13:28  Command Center  
  100  13:40  Hellbat  
  102  14:09  Supply Depot  
  102  14:10  Supply Depot x2  
  102  14:30  Thor  
  102  14:31  Hellbat x4  
  110  14:32  Thor  
  122  14:57  Refinery  
  122  14:59  Refinery  
  122  15:04  Hellbat x3  
  122  15:05  Hellbat  
  130  15:13  Siege Tank  
  5  15:51  Orbital Command  
  12  16:19  SCV  
  3  16:43  Starport  
  3  16:58  SCV  
  4  17:07  Liberator  
  4  17:10  SCV  
  5  17:22  SCV  
  9  17:32  Supply Depot  
  9  17:34  SCV  
  10  17:46  SCV  
  11  17:57  Barracks  
  11  17:58  SCV  
  12  18:08  Starport Reactor  
  12  18:10  SCV  
  13  18:23  SCV  
  14  18:30  Liberator x2  
  20  18:49  SCV, Engineering Bay  
  21  19:02  SCV  
  22  19:27  Factory  
  22  19:36  Missile Turret x2, SCV  
  23  19:58  Missile Turret x2  
  23  20:15  Factory Tech Lab  
  23  20:17  Supply Depot  
  23  20:19  Supply Depot x2  
  23  20:22  Liberator x2  
  23  20:39  SCV  
  30  21:02  Siege Tank  
  33  21:04  SCV  
  34  21:17  Liberator x2  
  34  21:36  Siege Tank  
  43  22:08  Siege Tank  
  43  22:15  Factory  
Show
View Real Time Build Order
Export as new Build Order

ReDMaN Terran - Winner!

Build Orders: MMM Bio 

Get SALT Encoding   

  12  0:04  SCV  
  13  0:16  SCV  
  14  0:27  Supply Depot  
  14  0:28  SCV  
  15  0:49  SCV  
  16  0:53  Barracks  
  16  1:15  Command Center  
  16  1:24  Barracks  
  16  1:29  Refinery  
  16  1:42  Marine  
  16  1:45  Orbital Command  
  17  2:03  Marine  
  18  2:08  Refinery  
  18  2:13  SCV  
  18  2:14  Barracks Tech Lab  
  19  2:23  Engineering Bay  
  19  2:24  Marine  
  19  2:28  SCV  
  21  2:40  Stimpack  
  21  2:41  SCV  
  22  2:51  Orbital Command  
  22  2:56  Missile Turret  
  22  2:59  Marine  
  23  3:07  Missile Turret  
  23  3:09  Marine  
  24  3:20  Factory  
  24  3:23  Marine  
  25  3:29  SCV  
  26  3:37  Missile Turret  
  26  3:38  SCV  
  27  3:42  SCV  
  28  3:51  SCV  
  28  3:54  SCV  
  30  3:57  Barracks Reactor  
  30  3:58  Supply Depot  
  30  4:07  Barracks  
  30  4:08  SCV x2  
  32  4:19  Factory Reactor  
  32  4:25  Factory Tech Lab  
  32  4:26  SCV x2  
  35  4:40  Starport  
  35  4:41  Combat Shields  
  35  4:43  Marauder, Marine x2  
  38  4:47  SCV x2  
  38  4:52  Terran Infantry Armor Level 1  
  40  4:56  Engineering Bay  
  40  4:58  Missile Turret  
  40  5:01  SCV x2  
  42  5:09  Marine x2  
  42  5:10  Marauder  
  42  5:11  Barracks Reactor  
  46  5:21  Supply Depot x2  
  46  5:22  Starport Reactor  
  46  5:34  Terran Infantry Weapons Level 1  
  46  5:38  Armory  
  46  5:42  SCV x2  
  50  5:43  Marauder  
  50  5:54  SCV, Barracks  
  50  5:56  SCV, Barracks  
  52  5:58  Barracks  
  52  6:04  Medivac x2  
  56  6:06  SCV  
  56  6:08  SCV  
  58  6:21  SCV x2  
  60  6:29  Supply Depot  
  50  6:41  Marine x4  
  54  6:51  Supply Depot  
  54  7:02  Barracks Tech Lab  
  54  7:03  Barracks Tech Lab  
  54  7:04  Barracks Reactor  
  54  7:05  Marine x4  
  58  7:14  Medivac  
  58  7:15  Thor  
  66  7:18  Refinery  
  66  7:20  Refinery  
  66  7:25  SCV  
  66  7:26  SCV  
  66  7:27  Missile Turret, Marauder, Marine x4  
  74  7:31  Concussive Shells  
  74  7:38  SCV  
  75  7:52  Marine x3  
  75  7:57  Supply Depot  
  78  8:18  Marine x6  
  78  8:19  Marauder  
  86  8:20  Supply Depot  
  86  8:22  Terran Infantry Armor Level 2, Supply Depot, Terran Infantry Weapons Level 2  
  86  8:23  Supply Depot  
  86  8:42  Marauder x2, Marine x4  
  86  8:43  Marine, Supply Depot  
  95  8:49  Marine  
  95  8:50  Marine  
  89  8:59  Marine x2  
  75  9:12  Marine x4  
  75  9:13  Marauder x2, Marine  
  73  9:22  Thor  
  79  9:26  SCV  
  71  9:44  Marine x3  
  71  9:45  Marauder x2, Marine x2  
  78  10:01  Marine  
  78  10:02  Marauder, Marine x2  
  78  10:06  Marauder  
  85  10:10  Medivac x2  
  89  10:39  Marine x3  
  89  10:40  Marine  
  73  11:28  Marauder x3, Marine x3  
  73  11:29  Marine x3  
  85  11:46  Marine x4  
  85  11:47  Marine  
  89  11:49  Marauder x2  
  89  11:50  Terran Infantry Armor Level 3, Terran Infantry Weapons Level 3  
  94  12:03  Marine  
  94  12:04  Marauder, Marine x3  
  100  12:13  Medivac  
  102  12:20  Command Center  
  101  12:42  Marine  
  101  12:43  Marauder x2, Marine x4  
  101  12:44  Marauder  
  58  12:59  Marine  
  58  13:00  Marine  
  58  13:01  Marine x4  
  58  13:05  Marauder x3  
  70  13:12  Thor  
  70  13:17  Marine  
  77  13:24  Command Center, Marine  
  77  13:25  Marine x3  
  81  13:30  Medivac  
  83  13:46  Terran Vehicle Weapons Level 1  
  83  13:56  Marine x5  
  83  13:57  Marauder  
  90  14:13  Medivac x2  
  88  14:51  Marine  
  88  14:52  Marine x5  
  92  14:53  Marauder  
  93  15:11  Marine x4  
  97  15:16  Planetary Fortress  
  97  15:19  Missile Turret  
  97  15:23  Missile Turret  
  97  15:25  Missile Turret  
  97  15:28  Marine  
  97  15:29  Marauder, Marine x2  
  102  15:39  Missile Turret  
  102  15:42  Marine x3  
  105  15:43  Marauder  
  105  15:47  Marauder  
  109  16:04  Marauder x2, Marine x4  
  109  16:08  Marauder  
  104  16:36  Marine  
  104  16:37  Marauder x3, Marine x3  
  103  16:58  Marauder  
  62  17:11  Marine  
  62  17:12  Marauder, Marine x5  
  66  17:28  Marine  
  66  17:29  Marine x2  
  69  17:33  Marauder  
  71  17:49  Command Center  
  66  17:57  Marauder, Marine x3  
  48  18:23  Marine  
  48  18:24  Marauder  
  37  18:42  Marauder  
Show
View Real Time Build Order
Export as new Build Order

Jhyrachy Zerg 

Build Orders: Hatch First 

Get SALT Encoding   

  12  0:03  Drone  
  13  0:13  Overlord  
  13  0:17  Drone  
  14  0:31  Drone  
  14  0:32  Drone  
  16  0:39  Drone  
  17  0:50  Drone  
  18  1:05  Hatchery  
  18  1:11  Drone x2, Extractor  
  19  1:18  Spawning Pool  
  17  1:21  Drone  
  18  1:57  Overlord  
  18  2:10  Queen  
  18  2:15  Drone  
  21  2:17  Drone x2  
  21  2:19  Queen  
  21  2:21  Drone  
  26  2:33  Drone  
  27  2:39  Extractor  
  27  2:40  Metabolic Boost  
  27  2:44  Drone x3  
  29  2:54  Drone  
  29  2:55  Drone  
  31  3:08  Drone x2  
  33  3:15  Baneling Nest  
  33  3:16  Drone  
  33  3:22  Drone x2  
  35  3:27  Evolution Chamber  
  35  3:31  Evolution Chamber  
  35  3:32  Drone  
  35  3:33  Drone x2  
  36  3:34  Overlord x2  
  36  3:52  Queen  
  36  3:54  Zerg Melee Weapons Level 1  
  38  3:57  Zerg Ground Armor Level 1  
  38  4:01  Drone x2  
  40  4:09  Zergling x2  
  41  4:10  Zergling x12  
  41  4:13  Overlord x2  
  47  4:19  Pneumatized Carapace  
  47  4:54  Hatchery  
  46  5:08  Zergling x4  
  46  5:09  Zergling x20  
  60  5:17  Lair  
  60  5:21  Drone x2  
  60  5:26  Extractor  
  60  5:28  Extractor  
  58  5:29  Drone x3  
  42  7:16  Zerg Ground Armor Level 2, Zerg Melee Weapons Level 2  
  42  7:18  Centrifical Hooks  
  42  7:34  Queen  
  42  7:35  Hatchery, Drone  
  42  7:36  Drone x3  
  47  7:56  Infestation Pit  
  47  7:58  Zergling x10  
  47  7:59  Zergling x14  
  58  8:26  Baneling x7  
  58  8:27  Baneling x17  
  58  8:40  Hive  
  57  9:02  Burrow  
  44  9:39  Overseer  
  39  10:02  Zerg Ground Armor Level 3, Zerg Melee Weapons Level 3  
  39  10:06  Ultralisk Cavern  
  38  10:32  Zergling x8  
  42  11:02  Hatchery  
  38  11:10  Chitinous Plating  
  36  11:16  Ultralisk x2  
  46  11:18  Zergling x2  
  46  11:19  Zergling x8  
  46  11:20  Zergling x10  
  46  11:22  Overlord x5  
  49  11:38  Queen  
  46  11:55  Ultralisk x2  
  46  11:56  Ultralisk x4  
  82  12:11  Overlord x5  
  82  12:35  Zergling x4  
  82  12:36  Zergling x40  
  104  12:39  Adrenal Glands  
  104  13:00  Zergling x2  
  104  13:01  Zergling x22  
  116  13:38  Overlord  
  116  13:39  Overlord x3  
  116  13:58  Ultralisk  
  116  13:59  Ultralisk x3  
  62  19:29  Queen x2  
  60  19:41  Ultralisk x6  
  52  20:54  Queen  
  52  21:13  Ultralisk x6  
Show
View Real Time Build Order
Export as new Build Order

enlar Zerg 

Build Orders: Pool First 

Get SALT Encoding   

  12  0:02  Drone  
  13  0:16  Drone  
  14  0:31  Spawning Pool  
  14  0:32  Drone  
  14  0:41  Overlord  
  14  0:54  Extractor, Drone  
  14  1:10  Drone x3  
  17  1:21  Queen  
  19  1:28  Drone  
  20  1:43  Drone  
  20  1:45  Drone  
  22  1:49  Hatchery  
  21  2:16  Metabolic Boost  
  21  2:23  Drone  
  21  2:24  Extractor, Drone  
  21  2:25  Overlord  
  22  2:49  Evolution Chamber  
  22  2:50  Drone x3  
  22  2:51  Drone  
  25  3:03  Drone  
  26  3:21  Roach Warren  
  25  3:29  Zergling x4  
  27  3:36  Lair  
  27  3:43  Drone x3  
  30  3:59  Drone  
  30  4:00  Drone x2  
  33  4:09  Roach  
  35  4:13  Drone  
  35  4:15  Overlord  
  36  4:28  Hatchery  
  35  4:40  Hydralisk Den  
  35  4:41  Roach x3  
  35  4:42  Roach x2  
  35  4:43  Overlord  
  44  5:09  Zergling x4  
  44  5:12  Zerg Melee Weapons Level 1  
  46  5:25  Infestation Pit  
  41  6:39  Roach x3  
  47  6:41  Hydralisk x3  
  53  6:47  Muscular Augments  
  53  6:54  Hive  
  53  7:02  Hydralisk x2  
  53  7:07  Zerg Missile Weapons Level 1  
  57  7:16  Drone  
  57  7:21  Extractor  
  57  7:23  Extractor  
  57  7:26  Drone x2  
  57  7:29  Overlord x3  
  58  8:06  Hydralisk  
  58  8:07  Hydralisk x2  
  58  8:08  Zergling x8, Roach x2  
  72  8:21  Ultralisk Cavern  
  72  8:25  Spire  
  70  8:44  Hydralisk x3  
  70  8:45  Roach  
  70  8:46  Zergling x8  
  40  10:05  Ultralisk x2  
  40  10:06  Zergling x6  
  55  10:08  Zergling x8  
  59  10:20  Zergling x4  
  59  10:21  Zergling x2  
  62  10:28  Drone  
  63  11:11  Mutalisk x5  
  63  11:12  Mutalisk  
  60  11:26  Hatchery  
  32  11:48  Zergling x4  
  32  11:49  Zergling x12  
  32  11:50  Zergling x2  
  33  12:11  Mutalisk  
  33  12:12  Mutalisk x4  
  43  12:42  Mutalisk x2  
  43  12:43  Mutalisk  
  49  12:50  Drone x2  
  51  13:35  Ultralisk x2  
  51  13:36  Ultralisk x2  
  51  13:37  Ultralisk  
  51  13:39  Zergling x8  
  68  15:44  Zergling x4  
  68  15:45  Ultralisk x2  
  60  16:25  Ultralisk x5  
  74  16:32  Hatchery  
  73  16:36  Hatchery  
  72  16:42  Zergling x14  
  13  17:55  Drone  
  13  17:56  Drone  
  13  18:00  Drone x2  
  9  19:00  Drone x3  
  12  19:03  Drone x3  
  4  20:46  Drone  
  4  20:49  Drone  
  7  20:50  Drone x2  
  1  22:46  Drone  
Show
View Real Time Build Order
Export as new Build Order

Quercus Protoss 

Build Orders: Cannon Rush 

Get SALT Encoding   

  12  0:02  Probe (Chrono Boost)  
  13  0:12  Probe (Chrono Boost)  
  14  0:21  Pylon  
  14  0:24  Probe (Chrono Boost)  
  15  0:43  Forge  
  15  0:45  Probe (Chrono Boost)  
  16  0:56  Probe (Chrono Boost)  
  17  0:59  Pylon  
  17  1:02  Pylon  
  17  1:30  Photon Cannon  
  17  1:32  Photon Cannon  
  16  1:41  Probe (Chrono Boost)  
  17  1:52  Probe (Chrono Boost)  
  18  1:56  Photon Cannon  
  18  2:02  Probe (Chrono Boost)  
  19  2:11  Nexus  
  19  2:13  Probe (Chrono Boost), Pylon  
  20  2:16  Gateway  
  20  2:21  Assimilator  
  20  2:23  Probe (Chrono Boost)  
  20  2:25  Assimilator  
  21  2:33  Pylon  
  21  2:34  Probe (Chrono Boost)  
  22  2:39  Photon Cannon  
  22  2:46  Probe (Chrono Boost)  
  23  2:56  Probe (Chrono Boost)  
  23  2:57  Photon Cannon  
  24  3:06  Photon Cannon  
  24  3:08  Probe (Chrono Boost)  
  25  3:19  Probe (Chrono Boost)  
  26  3:24  Cybernetics Core  
  26  3:29  Probe (Chrono Boost)  
  26  3:33  Probe (Chrono Boost)  
  28  3:37  Assimilator  
  28  3:40  Probe (Chrono Boost)  
  29  3:43  Probe (Chrono Boost)  
  29  3:46  Assimilator  
  30  3:50  Probe (Chrono Boost)  
  30  3:54  Probe (Chrono Boost)  
  32  4:02  Pylon  
  32  4:08  Probe x2 (Chrono Boost), Stargate  
  34  4:19  Probe x2 (Chrono Boost)  
  36  4:28  Stargate  
  36  4:29  Probe (Chrono Boost)  
  36  4:30  Probe (Chrono Boost)  
  38  4:33  Stargate  
  38  4:37  Pylon  
  38  4:40  Probe (Chrono Boost)  
  39  4:47  Probe (Chrono Boost)  
  39  4:51  Probe (Chrono Boost)  
  41  4:55  Void Ray (Chrono Boost)  
  45  5:01  Probe (Chrono Boost)  
  45  5:02  Protoss Air Weapons Level 1  
  46  5:11  Void Ray (Chrono Boost)  
  46  5:12  Probe (Chrono Boost)  
  55  5:22  Probe (Chrono Boost), Void Ray (Chrono Boost)  
  55  5:26  Pylon  
  56  5:42  Pylon  
  56  5:43  Probe  
  56  5:48  Pylon  
  60  6:11  Void Ray x2 (Chrono Boost)  
  60  6:15  Photon Cannon  
  57  6:19  Photon Cannon  
  57  6:30  Photon Cannon  
  57  6:36  Photon Cannon  
  57  6:39  Photon Cannon  
  57  6:53  Pylon  
  58  6:54  Probe  
  58  7:03  Probe  
  58  7:06  Probe  
  60  7:15  Probe  
  60  7:18  Probe  
  60  7:21  Nexus  
  62  7:27  Pylon  
  63  7:30  Probe  
  64  7:42  Probe  
  64  7:54  Probe  
  65  8:05  Void Ray (Chrono Boost)  
  69  8:13  Void Ray (Chrono Boost)  
  77  8:20  Void Ray (Chrono Boost)  
  77  8:45  Photon Cannon  
  77  8:47  Photon Cannon  
  77  8:49  Photon Cannon  
  77  8:50  Protoss Air Armor Level 1  
  77  8:51  Probe, Photon Cannon  
  77  8:52  Pylon  
  77  8:54  Pylon  
  77  8:55  Probe  
  79  8:56  Assimilator  
  79  9:01  Assimilator  
  79  9:02  Probe, Void Ray (Chrono Boost)  
  83  9:06  Protoss Shields Level 1 (Chrono Boost)  
  83  9:07  Probe  
  85  9:12  Probe, Void Ray  
  90  9:19  Probe  
  90  9:23  Probe  
  91  9:27  Void Ray  
  96  9:31  Probe  
  96  9:33  Probe  
  98  9:43  Probe  
  98  9:44  Probe, Void Ray, Photon Cannon  
  98  9:45  Photon Cannon  
  103  9:51  Pylon  
  103  9:54  Probe  
  103  9:57  Void Ray  
  108  10:05  Probe, Photon Cannon  
  108  10:06  Photon Cannon  
  109  10:11  Pylon  
  95  10:29  Void Ray x2  
  92  10:55  Void Ray  
  92  11:12  Void Ray x2  
  72  12:25  Phoenix x2  
  72  12:26  Phoenix  
  78  12:50  Void Ray x2  
  78  12:51  Void Ray  
  86  12:53  Stargate  
  86  12:55  Fleet Beacon  
  90  13:09  Pylon  
  90  13:33  Void Ray x2  
  90  13:34  Void Ray  
  102  13:39  Tempest  
  102  13:41  Mothership Core  
  108  14:04  Pylon  
  108  14:06  Photon Cannon  
  108  14:09  Photon Cannon  
  108  14:23  Tempest, Void Ray  
  116  14:26  Tempest  
  114  14:33  Pylon  
  114  14:35  Pylon  
  4  22:48  Nexus  
Show
View Real Time Build Order
Export as new Build Order

Magicus Protoss 

Build Orders: Phoenix Opening 

Get SALT Encoding   

  12  0:02  Probe (Chrono Boost)  
  13  0:17  Probe (Chrono Boost), Pylon  
  14  0:28  Probe (Chrono Boost)  
  15  0:38  Probe (Chrono Boost)  
  16  0:45  Gateway  
  16  0:49  Probe (Chrono Boost)  
  17  1:15  Assimilator  
  17  1:17  Probe (Chrono Boost)  
  18  1:18  Assimilator  
  18  1:22  Pylon  
  18  1:28  Probe (Chrono Boost)  
  19  1:37  Cybernetics Core  
  19  1:38  Probe (Chrono Boost)  
  20  1:49  Probe (Chrono Boost)  
  21  1:59  Probe (Chrono Boost)  
  22  2:08  Nexus  
  22  2:13  Pylon  
  22  2:19  Mothership Core (Chrono Boost)  
  24  2:33  Pylon  
  25  2:37  Probe (Chrono Boost)  
  25  2:42  Assimilator  
  25  2:47  Probe (Chrono Boost)  
  25  2:48  Assimilator  
  26  3:02  Stargate  
  26  3:13  Stargate  
  26  3:19  Pylon  
  26  3:21  Probe (Chrono Boost)  
  27  3:31  Probe (Chrono Boost)  
  28  3:42  Probe (Chrono Boost)  
  28  3:46  Robotics Facility  
  29  3:48  Phoenix  
  29  3:52  Probe (Chrono Boost)  
  32  4:03  Probe (Chrono Boost)  
  33  4:13  Probe (Chrono Boost), Void Ray  
  39  4:24  Probe (Chrono Boost)  
  39  4:34  Probe (Chrono Boost)  
  40  4:41  Observer  
  40  4:43  Robotics Bay  
  40  4:45  Probe (Chrono Boost)  
  42  4:47  Pylon  
  42  4:48  Void Ray  
  46  4:55  Probe (Chrono Boost)  
  47  5:06  Probe (Chrono Boost)  
  48  5:08  Protoss Air Weapons Level 1  
  48  5:09  Forge  
  48  5:16  Probe (Chrono Boost)  
  49  5:27  Probe (Chrono Boost)  
  49  5:49  Photon Cannon  
  49  6:12  Colossus (Chrono Boost)  
  49  6:18  Protoss Shields Level 1  
  55  6:47  Probe (Chrono Boost)  
  56  6:57  Probe  
  56  6:58  Phoenix  
  56  6:59  Phoenix  
  61  7:02  Protoss Air Armor Level 1  
  61  7:04  Colossus (Chrono Boost)  
  61  7:07  Probe  
  68  7:23  Phoenix  
  68  7:27  Nexus  
  68  7:29  Assimilator  
  70  7:30  Extended Thermal Lance  
  70  7:34  Assimilator  
  70  7:36  Pylon  
  70  7:39  Pylon  
  70  7:42  Pylon  
  76  7:51  Colossus (Chrono Boost)  
  76  7:54  Robotics Facility  
  76  7:55  Pylon  
  76  7:58  Pylon  
  76  8:00  Phoenix  
  76  8:01  Phoenix  
  80  8:12  Protoss Ground Weapons Level 1  
  80  8:19  Photon Cannon  
  80  8:23  Photon Cannon  
  80  8:27  Photon Cannon  
  80  8:30  Photon Cannon  
  80  8:38  Colossus (Chrono Boost)  
  86  8:51  Phoenix x2  
  96  9:11  Colossus (Chrono Boost)  
  96  9:25  Void Ray x2  
  88  10:06  Protoss Ground Armor Level 1  
  70  10:08  Void Ray  
  70  10:10  Colossus (Chrono Boost)  
  70  10:13  Colossus (Chrono Boost)  
  86  10:28  Twilight Council  
  86  10:29  Probe  
  87  10:41  Probe  
  88  10:45  Forge  
  88  10:53  Probe  
  88  10:54  Mothership Core  
  88  10:55  Void Ray  
  88  10:56  Void Ray  
  88  10:57  Colossus (Chrono Boost)  
  105  11:06  Probe  
  106  11:18  Probe, Immortal (Chrono Boost)  
  111  11:23  Protoss Ground Weapons Level 2  
  111  11:30  Probe  
  112  11:38  Void Ray  
  116  11:46  Colossus (Chrono Boost)  
  122  12:00  Protoss Shields Level 2  
  122  12:10  Void Ray  
  126  12:21  Void Ray  
  108  12:53  Void Ray  
  58  13:04  Phoenix  
  52  13:23  Colossus x2 (Chrono Boost)  
  64  13:29  Phoenix  
  66  13:36  Phoenix  
  64  14:09  Colossus (Chrono Boost)  
  76  14:12  Colossus (Chrono Boost)  
Tags
 
Add a new tag
Caveats
  • Supply blocks, unpowered buildings, or Contaminate may cause inaccurate times.
  • Supply counts are checked every 10 seconds.